 Dungeon Crawl Stone Soup version 0.27-a0-1442-g87b6fcb595 (webtiles) character file.

Game seed: 7040079945242512299

100 RogueFanUK the Slasher (level 4, -1/40 HPs)
             Began as a Minotaur Berserker on July 4, 2021.
             Was a Believer of Trog.
             Slain by a sky beast (4 damage)
             ... on level 3 of the Dungeon.
             The game lasted 00:16:42 (2402 turns).

RogueFanUK the Slasher (Minotaur Berserker)         Turns: 2402, Time: 00:16:43

Health: -1/40      AC: 11    Str: 22    XL:     4   Next: 47%
Magic:  3/3        EV:  7    Int:  4    God:    Trog [**....]
Gold:   143        SH:  0    Dex: 10    Spells: 3/3 levels left

rFire    . . .     SeeInvis .   v - +0 great sword
rCold    . . .     Faith    .   (shield currently unavailable)
rNeg     . . .     Spirit   .   c - +0 plate armour
rPois    .         Reflect  .   (helmet restricted)
rElec    .         Harm     .   (no cloak)
rCorr    .         Rampage  .   (no gloves)
Will     .....                  (no boots)
Stlth    ..........             (no amulet)
HPRegen  0.13/turn              (no ring)
MPRegen  0.08/turn              (no ring)

@: no status effects
A: horns 2, retaliatory headbutt
a: Renounce Religion, Berserk, Trog's Hand


You were on level 3 of the Dungeon.
You worshipped Trog.
Trog was pleased with you.
You visited 1 branch of the dungeon, and saw 3 of its levels.

You collected 143 gold pieces.

Inventory:

Hand Weapons
 a - a +0 falchion
 e - a +0 whip
 g - a +0 club
 i - a +0 short sword
 k - a +0 dagger
 n - a +0 dagger
 o - a +0 dagger
 v - a +0 great sword (weapon)
Missiles
 f - 24 stones
 q - 26 sling bullets
Armour
 b - a +0 animal skin
 c - a +0 plate armour (worn)
 l - a +0 leather armour
 r - a +0 barding
 s - a +0 leather armour
 t - a +0 ring mail
Scrolls
 d - a scroll of teleportation {unknown}
 h - a scroll of brand weapon {unknown}
 j - 2 scrolls of identify {unknown}
 u - a scroll of amnesia {unknown}
Potions
 m - 2 potions of haste {unknown}
 p - a potion of flight {unknown}


   Skills:
 + Level 4.2 Fighting
 + Level 5.0 Long Blades
 + Level 3.8 Armour
 + Level 2.4 Dodging


You had 3 spell levels left.
You didn't know any spells.
Your spell library contained the following spells:

 Spells                   Type           Power      Damage    Failure   Level
 Dazzling Flash           Conj/Hex       0%         N/A       100%        3
 Iskenderun's Mystic Bla  Conj/Tloc      0%         2d3       100%        4
 Starburst                Conj/Fire      0%         8x6d3     100%        6


Dungeon Overview and Level Annotations

Branches:
Dungeon (3/15)

Altars:
Uskayaw


Innate Abilities, Weirdness & Mutations

You have a pair of horns on your head.
You reflexively headbutt those who attack you in melee.


Message History

Reactivating autopickup.
The sky beast hits you. The sky beast shocks you.
* * * LOW HITPOINT WARNING * * *
The sky beast flickers out of sight!
Deactivating autopickup; reactivate with Ctrl-A.
Something hits you but does no damage.
Okay, then.
Unknown command.
You are too injured to fight recklessly!
You are too injured to fight recklessly!
Your plate armour prevents you from hitting something.
Your headbutt misses something. Something hits you but does no damage.
You miss something. Something hits you but does no damage. Something hits you.
* * * LOW HITPOINT WARNING * * *
Something shocks you.
* * * LOW HITPOINT WARNING * * *
Unknown command.
Unknown command.
Your plate armour prevents you from hitting something.
A sky beast appears from thin air!
Reactivating autopickup.
The sky beast hits you but does no damage.
You hit the sky beast.
The sky beast is almost dead.
The sky beast barely misses you. x2
You closely miss the sky beast.
The sky beast is almost dead.
The sky beast hits you but does no damage.
You closely miss the sky beast.
The sky beast is almost dead.
The sky beast barely misses you.
You riposte.
You closely miss the sky beast.
The sky beast is almost dead.
You closely miss the sky beast.
The sky beast is almost dead.
The sky beast hits you but does no damage.
The sky beast flickers out of sight!
Deactivating autopickup; reactivate with Ctrl-A.
Something hits you but does no damage.
You barely miss something. Your headbutt misses something. Something hits you.
You die...

#.#
#....##...'....†..........
#.#
#....##...###.########..#.
#.# #.....'...+..... #....
#.# #######...###.##.#
##.... #.# ##### #.# #
#.....
##.###############.#
#.....
#..................#
#.#..#
########...........#
....... #.####.@....#
###.##.. #.# #..{......
... ... #.# #......##. .##
#.. #.# #.......+ ... #.#
#.....≈≈≈≈ .# #.#
#........≈ #.###.≈≈≈≈ #.
.....


There were no monsters in sight!

Vanquished Creatures
  5 adders
  A worm (D:2)
  A dart slug (D:2)
  4 endoplasms
  3 giant cockroaches
  2 hobgoblins (D:1)
  6 jackals
  4 quokkas
  4 ball pythons
  5 bats
  4 frilled lizards
  2 goblins (D:2)
  3 kobolds
  7 rats
51 creatures vanquished.

Notes
Turn   | Place    | Note
-------+----------+-------------------------------------------
     0 | D:1      | RogueFanUK the Minotaur Berserker began the quest for the
                  | Orb.
     0 | D:1      | Reached XP level 1. HP: 19/19 MP: 0/0
   188 | D:1      | Reached skill level 4 in Long Blades
   298 | D:1      | Reached XP level 2. HP: 27/27 MP: 1/1
   815 | D:1      | Found a faded altar of an unknown god.
  1160 | D:2      | Reached XP level 3. HP: 33/33 MP: 2/2
  1291 | D:2      | Reached ** piety under Trog
  1528 | D:2      | Found a hide-covered altar of Uskayaw.
  1544 | D:2      | Reached XP level 4. HP: 40/40 MP: 3/3
  1737 | D:2      | Reached skill level 5 in Long Blades
  2380 | D:3      | Noticed a sky beast
  2396 | D:3      | HP: 2/40 [something (6)]
  2402 | D:3      | Slain by a sky beast

Illustrated notes

Levels and vault maps discovered:
D:1:      dpeg_arrival_radiant, layout_loops_corners,
          shapermc_ecumenical_altar_totnotflames
D:2:      layout_loops_corners, basic_altar
D:3:      layout_basic, serial_rivers, chequers_serial_rivers_micro_b,
          chequers_serial_rivers_micro_b, chequers_serial_rivers_marsh,
          chequers_serial_rivers_micro_d, chequers_serial_rivers_micro_e,
          chequers_serial_rivers_small_a, minmay_quantized

Skill      XL: |  1  2  3  4 |
---------------+-------------+-----
Long Blades    | 4 5 |  5.0
Fighting       | 4 |  4.2
Armour         | 3 |  3.8
Dodging        | |  2.4

Action                   |  1- 3 |  4- 6 || total
-------------------------+-------+-------++-------
Melee: Falchion          |    95 |    20 ||   115
       Headbutt          |    18 |     6 ||    24
       Great sword       |       |    19 ||    19
Armor: Plate armour      |    43 |    25 ||    68
Dodge: Dodged            |    31 |     9 ||    40
       Rpst.: Falchion   |     5 |     2 ||     7
       Great sword       |       |     2 ||     2

Table legend: (Time is in decaauts)
 A = Elapsed time spent in this place.
 B = Non-inter-level travel time spent in this place.
 C = Inter-level travel time spent in this place.
 D = Time resting spent in this place.
 E = Time spent auto-exploring this place.
 F = Levels seen in this place.
 G = Mean time per level.
                   A        B        C        D        E       F      G
               +--------+--------+--------+--------+--------+-----+--------+
         Total |   2418 |   2418 |      0 |      0 |      0 |   3 |  806.0 |
       Dungeon |   2418 |   2418 |      0 |      0 |      0 |   3 |  806.0 |
               +--------+--------+--------+--------+--------+-----+--------+

Top non-repeatable levels by time:
     D:1: 1136 daAuts
     D:2: 985 daAuts
     D:3: 296 daAuts
